 Dungeon Crawl Stone Soup version 0.27.1-34-g3ba077fa99 (webtiles) character file.

Game seed: 14550581232462368231

590 chmiii the Cudgeller (level 7, -2/68 HPs)
             Began as a Troll Hunter on Jan 29, 2022.
             Slain by an ogre (30 damage)
             ... on level 5 of the Dungeon on Jan 30, 2022.
             The game lasted 00:13:34 (3343 turns).

chmiii the Cudgeller (Troll Hunter)                 Turns: 3343, Time: 00:13:35

Health: -2/68      AC:  4    Str: 21    XL:     7   Next: 15%
Magic:  6/6        EV: 10    Int:  7    God:
Gold:   166        SH:  0    Dex: 12    Spells: 6/6 levels left

rFire    + . .     SeeInvis .   (no weapon)
rCold    + . .     Faith    .   (no shield)
rNeg     . . .     Spirit   .   k - +0 robe {rF+}
rPois    .         Reflect  .   (helmet restricted)
rElec    .         Harm     .   (no cloak)
rCorr    .         Rampage  .   (gloves unavailable)
Will     .....                  (boots unavailable)
Stlth    +.........             (no amulet)
HPRegen  1.21/turn              p - ring of protection from cold
MPRegen  0.10/turn              (no ring)

@: no status effects
A: large, unfitting armour, claws 3, regeneration 1, shaggy fur 1, tough skin 1
a: no special abilities


You were on level 5 of the Dungeon.
You visited 1 branch of the dungeon, and saw 5 of its levels.

You collected 166 gold pieces.

Inventory:

Hand Weapons
 l - a +2 whip of electrocution
 u - a +0 whip of freezing
Missiles
 c - 3 large rocks (quivered)
 d - 4 throwing nets
Armour
 k - a +0 robe of fire resistance (worn)
Jewellery
 n - a ring of wizardry
 p - a ring of protection from cold (left claw)
Wands
 j - a wand of acid (12)
 m - a wand of iceblast (6)
Scrolls
 b - 2 scrolls of amnesia {unknown}
 e - 2 scrolls of identify {unknown}
 f - a scroll of blinking {unknown}
 q - 2 scrolls of teleportation {unknown}
 t - a scroll of magic mapping {unknown}
Potions
 a - 3 potions of mutation {unknown}
 g - 2 potions of degeneration {unknown}
 h - a potion of curing {unknown}
 i - a potion of heal wounds {unknown}
 o - a potion of ambrosia {unknown}
 r - a potion of might
 s - 2 potions of attraction {unknown}


   Skills:
 + Level 3.9 Fighting
 * Level 5.6 Maces & Flails
 - Level 3.6 Throwing
 - Level 1.5 Dodging
 - Level 0.3 Stealth


You had 6 spell levels left.
You didn't know any spells.
Your spell library contained the following spells:

 Spells                   Type           Power      Damage    Failure   Level
 Magic Dart               Conj           0%         1d3       43%         1
 Call Imp                 Summ           0%         N/A       56%         2
 Mephitic Cloud           Conj/Pois/Air  0%         N/A       80%         3


Dungeon Overview and Level Annotations

Branches:
Dungeon (5/15)
 Temple: D:4-7

Altars:
Cheibriados
Gozag
Sif Muna
Yredelemnul


Innate Abilities, Weirdness & Mutations

You are too large for most types of armour.
You have claws for hands.
Your natural rate of healing is unusually fast.
You are covered in fur. (AC +1)
You have tough skin. (AC +1)


Message History

You scratch the gnoll.
The gnoll is heavily wounded.
The gnoll misses you. The gnoll hits you with a +0 club.
* * * LOW HITPOINT WARNING * * *
You barely miss the gnoll.
The gnoll is heavily wounded.
The gnoll hits you with a +0 club.
* * * LOW HITPOINT WARNING * * *
You scratch the gnoll.
The gnoll is almost dead.
The gnoll barely misses you. The gnoll hits you but does no damage.
You claw the gnoll!
You kill the gnoll!
You start resting.
HP restored.
You see here a +0 club.
There is a stone staircase leading up here.
You start waiting.
Done waiting.
You can't go down here!
You climb upwards.
The ogre hits you with a +0 giant spiked club!
There is a stone staircase leading down, spattered with blood here.
The ball python barely misses you.
The ogre hits you with a +0 giant spiked club!
The ball python bites you.
You climb downwards.
There is a stone staircase leading up here.
You scratch the ogre.
The ogre is lightly wounded.
The gnoll shaman hits you with a +0 club.
The ogre hits you with a +0 giant spiked club!!
The ball python bites you.
You are too injured to fight recklessly!
You are too injured to fight recklessly!
You are too injured to fight recklessly!
You open the door. The gnoll shaman barely misses you.
The ball python barely misses you.
The ogre hits you with a +0 giant spiked club!!
You die...

..#....############
..#....'...#.....#
..#....#...#.....#
..#....#...#.....#
.##....#..##.....#
'#.....#..##.....#
.#.....#.........#
.'.....#.......OS#
.#.....#.......g@#
##.....#########'#
..)##### .###. ..#
...#...#.........#
...'..o'.........#
...#...#........!#
...#...# ........#
...#..## ###....#
...####


You could see an ogre, a gnoll shaman and a ball python.

Vanquished Creatures
  A phantom (D:5)
  A bullfrog zombie (D:5)
  4 hounds
  A jelly (D:5)
  Terence (D:3)
  A human skeleton (D:5)
  Robin (D:3)
  12 gnolls
  5 adders
  An ufetubus (D:5)
  4 worms
  3 dart slugs
  2 orcs
  2 endoplasms
  3 giant cockroaches
  12 goblins
  10 hobgoblins
  8 jackals
  A kobold (D:3)
  4 quokkas
  9 ball pythons
  3 bats
  2 frilled lizards
  A kobold skeleton (D:5)
  7 rats
99 creatures vanquished.

Notes
Turn   | Place    | Note
-------+----------+-------------------------------------------
     0 | D:1      | chmiii the Troll Hunter began the quest for the Orb.
     0 | D:1      | Reached XP level 1. HP: 19/19 MP: 0/0
   254 | D:1      | Reached skill level 1 in Maces & Flails
   283 | D:1      | Reached XP level 2. HP: 28/28 MP: 1/1
  1032 | D:2      | Reached skill level 2 in Maces & Flails
  1032 | D:2      | Reached XP level 3. HP: 29/35 MP: 2/2
  1236 | D:2      | Reached XP level 4. HP: 44/44 MP: 3/3
  1621 | D:2      | Reached skill level 3 in Maces & Flails
  1943 | D:3      | Reached XP level 5. HP: 48/50 MP: 4/4
  2010 | D:3      | Found an opulent altar of Gozag.
  2234 | D:3      | Noticed Robin
  2234 | D:3      | Noticed Terence
  2268 | D:3      | Killed Robin
  2278 | D:3      | Killed Terence
  2279 | D:3      | Reached skill level 4 in Maces & Flails
  2290 | D:3      | Found a faded altar of an unknown god.
  2488 | D:3      | You fall into a shaft and drop 2 floors!
  2488 | D:5      | Entered Level 5 of the Dungeon
  2582 | D:5      | Found a shimmering blue altar of Sif Muna.
  2622 | D:5      | Reached XP level 6. HP: 48/61 MP: 5/5
  2851 | D:5      | Reached skill level 5 in Maces & Flails
  2922 | D:5      | Found a runed translucent door.
  2922 | D:5      | Noticed a human
  2927 | D:5      | Found a basalt altar of Yredelemnul.
  3098 | D:4      | Reached XP level 7. HP: 60/68 MP: 6/6
  3150 | D:4      | Found a snail-covered altar of Cheibriados.
  3343 | D:5      | Slain by an ogre

Illustrated notes

Levels and vault maps discovered:
D:1:      wander_arrival_abandoned_jail, layout_loops_corners, st_stairs_11,
          serial_park_tiny_pond
D:2:      layout_basic, grunt_ministairs_9, st_stairs_2,
          kennysheep_generic_room_5
D:3:      layout_loops_corners, mainiacjoe_overflow_boulevard,
          hellmonk_ecumenical_altar_arch_garden, uniq_terence, uniq_robin,
          uniq_sigmund
D:4:      layout_basic, lemuel_round_altar, minmay_temple_entry_statues_pillars,
          uniq_duvessa, uniq_blork_the_orc
D:5:      minmay_evil_eye, layout_gridville,
          mainiacjoe_overflow_surrounded_room, dk_yredelemnul_ordeal,
          palyth_stone_intersect, corexii_leaking_fountain, uniq_edmund

Skill      XL: |  1  2  3  4  5  6 |
---------------+-------------------+-----
Maces & Flails | 1 2 3 4 5 |  5.6
Fighting       | 2 3 |  3.9
Throwing       | |  3.6
Dodging        | |  1.5
Stealth        | |  0.3

Action                   |  1- 3 |  4- 6 |  7- 9 || total
-------------------------+-------+-------+-------++-------
Melee: Short sword       |    32 |       |       ||    32
       Unarmed           |    75 |   244 |    24 ||   343
Throw: Large rock        |       |    15 |     2 ||    17
 Stab: Sleeping          |     1 |       |       ||     1
Armor: Robe              |    27 |    65 |     4 ||    96
Dodge: Dodged            |    53 |   134 |    15 ||   202
